[Event "Titled Tuesday Blitz June 6 Late 2023"]
[White "Rego, Pedro Filipe"]
[Black "Horvath, Dominik"]
[WhiteFideId "1904310"]
[BlackFideId "1642561"]
[WhiteElo "2193"]
[BlackElo "2407"]
[Result "1-0"]
[Round "1"]
[TimeControl "180+2"]
[Date "2023.06.07"]
[WhiteClock "0:00:10"]
[BlackClock "0:00:13"]
[Board "69"]

1. d4 Nf6 2. Bf4 d5 3. e3 c5 4. Nf3 Nc6 5. Nbd2 Nh5 6. Bg5 h6 7. Bh4 g5 8. Bg3 Nxg3 9. hxg3 Bg7 10. c3 Bf5 11. dxc5 a5 12. Nd4 Bg6 13. Bb5 O-O 14. a4 Qc7 15. O-O Ne5 16. N2b3 Nc4 17. Qe2 e5 18. Nf3 e4 19. Nfd4 Ne5 20. f4 exf3 21. gxf3 b6 22. cxb6 Qxb6 23. f4 Nc4 24. f5 Bh7 25. Nd2 Nxd2 26. Qxd2 Be5 27. Kg2 Kg7 28. Rh1 Rh8 29. Raf1 Kf8 30. f6 Be4+ 31. Kg1 Bxh1 32. Kxh1 Rd8 33. Qf2 Bxd4 34. exd4 Qe6 35. Re1 Qh3+ 36. Qh2 Qf5 37. Qe2 Qxf6 38. Qe5 Qxe5 39. Rxe5 Kg7 40. Kg2 Kf6 41. g4 h5 42. gxh5 Rxh5 43. Kg3 Kg6 44. Bd3+ Kg7 45. Bb5 f6 46. Re7+ Kf8 47. Ra7 f5 48. Rxa5 Rd6 49. Ra8+ Kg7 50. Re8 Rf6 51. Re5 f4+ 52. Kg4 Rh4+ 53. Kxg5 Rh8 54. Re7+ Rf7 55. Rxf7+ Kxf7 56. Kxf4 Rh2 57. b4 Ke6 58. a5 Rc2 59. a6 Rxc3 60. Be2 Ra3 61. b5 Ra4 62. b6 Rxd4+ 63. Kf3 Rb4 64. a7 Ra4 65. b7 1-0


[Site "https://www.chess.com"]

[Event "Titled Tuesday Blitz June 6 Late 2023"]
[White "Sieciechowicz, Marcin"]
[Black "Vega Gutierrez, Sabrina"]
[WhiteFideId "1130170"]
[BlackFideId "2219026"]
[WhiteElo "2301"]
[BlackElo "2209"]
[Result "1/2-1/2"]
[Round "1"]
[TimeControl "180+2"]
[Date "2023.06.07"]
[WhiteClock "0:00:11"]
[BlackClock "0:00:10"]
[Board "70"]

1. d4 d5 2. c4 e6 3. Nc3 Nf6 4. cxd5 exd5 5. Bg5 Be7 6. e3 h6 7. Bh4 Bg4 8. Qb3 O-O 9. Bxf6 Bxf6 10. Qxd5 Qe7 11. Be2 Be6 12. Qe4 c5 13. Nf3 cxd4 14. Nxd4 Qb4 15. O-O Bxd4 16. exd4 Rd8 17. Bf3 Nd7 18. d5 Qxe4 19. Bxe4 Bg4 20. h3 Bh5 21. g4 Bg6 22. Bxg6 fxg6 23. Rfe1 Kf7 24. Re3 Nb6 25. Rae1 Rd7 26. d6 Rad8 27. Re7+ Kf8 28. R1e6 Nc4 29. Rxd7 Rxd7 30. Ne4 b6 31. b3 Na5 32. g5 Kf7 33. Re5 Nb7 34. Kg2 Nxd6 35. Nxd6+ Rxd6 36. gxh6 gxh6 37. Re4 Rd2 38. Ra4 a5 39. Kg3 Kf6 40. h4 h5 41. Rc4 Rxa2 42. Rc6+ Kf5 43. Rxb6 Ra3 44. f3 a4 45. b4 Rb3 46. b5 a3 47. Rb8 a2 48. Ra8 a1=Q 49. Rxa1 Rxb5 50. Ra8 Rc5 51. Rf8+ Ke6 52. Kf4 Ra5 53. Kg3 Ra4 54. Rg8 Kf6 55. Rb8 Kf5 56. Rb5+ Kf6 57. Rb6+ Kf5 58. Rb3 Kf6 59. Re3 Kf5 60. Rd3 Kf6 61. Rd5 Ke6 62. Rb5 Kf6 63. Rc5 Ke6 64. Rb5 Kf6 1/2-1/2


[Site "https://www.chess.com"]

[Event "Titled Tuesday Blitz June 6 Late 2023"]
[White "Herman, Daniel"]
[Black "Simonian, Hrair"]
[WhiteFideId "30935008"]
[BlackFideId "13302337"]
[WhiteElo "1897"]
[BlackElo "2447"]
[Result "0-1"]
[Round "1"]
[TimeControl "180+2"]
[Date "2023.06.07"]
[WhiteClock "0:00:07"]
[BlackClock "0:00:09"]
[Board "71"]

1. c4 e5 2. g3 Nc6 3. Bg2 Nf6 4. Nc3 Bb4 5. Nd5 Bc5 6. e3 O-O 7. Ne2 Nxd5 8. cxd5 Ne7 9. d4 Bb4+ 10. Bd2 Bxd2+ 11. Qxd2 Ng6 12. dxe5 Nxe5 13. O-O d6 14. Rac1 Bh3 15. Qc3 Bxg2 16. Kxg2 c5 17. dxc6 Nxc6 18. Rfd1 Qe7 19. Qc4 Rfd8 20. Nf4 h6 21. Nd5 Qe5 22. b4 a6 23. a4 Ne7 24. Nxe7+ Qxe7 25. Qd5 Rd7 26. Rd4 Rad8 27. b5 axb5 28. axb5 g6 29. b6 h5 30. Rdc4 Qe5 31. Qxe5 dxe5 32. Rc7 Kf8 33. R1c5 f6 34. Kf3 Ke7 35. Ke4 Ke6 36. h4 f5+ 37. Kf3 Rxc7 38. Rxc7 Rd7 39. Rc8 e4+ 40. Kf4 Rd6 41. Kg5 Kd5 42. Rg8 Rxb6 43. Rxg6 Rxg6+ 44. Kxg6 b5 45. Kxf5 b4 46. g4 b3 47. gxh5 b2 48. h6 b1=Q 49. Kg6 Qb8 50. Kg7 Qe5+ 51. Kg6 Qh8 52. h5 Ke6 53. Kg5 Qh7 54. Kf4 Qxh6+ 55. Kxe4 Qxh5 56. f4 Qf5+ 57. Kf3 Qd5+ 58. Kg3 Kf6 59. Kg4 Qe4 60. Kg3 Kf5 61. Kh4 Qxe3 62. Kh5 Qh3# 0-1


[Site "https://www.chess.com"]

[Event "Titled Tuesday Blitz June 6 Late 2023"]
[White "Daggupati, Balaji"]
[Black "Kaplan, Avi Harrison"]
[WhiteFideId "2090759"]
[BlackFideId "30934559"]
[WhiteElo "2726"]
[BlackElo "1983"]
[Result "0-1"]
[Round "1"]
[TimeControl "180+2"]
[Date "2023.06.07"]
[WhiteClock "0:00:20"]
[BlackClock "0:01:09"]
[Board "72"]

1. e4 b6 2. d4 Bb7 3. Nc3 e6 4. Bd3 f5 5. exf5 Bxg2 6. Qh5+ g6 7. fxg6 Bg7 8. gxh7+ Kf8 9. hxg8=Q+ Kxg8 10. Qg4 Bxh1 11. Bg5 Qf8 12. O-O-O Nc6 13. f3 Qf7 14. h4 Nxd4 15. Qh3 Bxf3 16. Rf1 Rf8 17. Be4 Qh5 18. Nxf3 Nxf3 19. Be3 Ne5 20. Rxf8+ Kxf8 21. Qf1+ Qf7 22. Qe1 Bh6 23. Nb5 Bxe3+ 24. Qxe3 Qf1+ 25. Kd2 Nc4+ 0-1


[Site "https://www.chess.com"]

[Event "Titled Tuesday Blitz June 6 Late 2023"]
[White "Principe, Alexander"]
[Black "Do Valle Cardoso, Lucas"]
[WhiteFideId "3804542"]
[BlackFideId "2163144"]
[WhiteElo "2203"]
[BlackElo "2364"]
[Result "1-0"]
[Round "1"]
[TimeControl "180+2"]
[Date "2023.06.07"]
[WhiteClock "0:00:06"]
[BlackClock "0:00:02"]
[Board "73"]

1. e4 c5 2. Nf3 d6 3. d4 cxd4 4. Nxd4 Nf6 5. Nc3 a6 6. Bg5 e6 7. f4 Be7 8. Qf3 Qc7 9. O-O-O Nbd7 10. Bd3 b5 11. Rhe1 Bb7 12. Nd5 exd5 13. Nf5 Bf8 14. e5 dxe5 15. fxe5 Ne4 16. Bxe4 dxe4 17. Nd6+ Bxd6 18. exd6 Qc6 19. Qg3 Rc8 20. Rd2 f6 21. Bh6 Rg8 22. Qh3 Kf7 23. Bf4 Rce8 24. Qxh7 Qc5 25. Qh3 Bc6 26. Re3 Rh8 27. Qg3 Qf5 28. Rf2 Qe6 29. h4 Kg8 30. b3 Qd5 31. Rd2 Qh5 32. Rc3 Rc8 33. Qe3 Qxh4 34. g3 Qg4 35. Kb2 Qe6 36. Qa7 Kf7 37. Qxa6 Bd5 38. Rxc8 Rxc8 39. Qxc8 g5 40. Be3 Qxd6 41. Qc3 Qe6 42. Qd4 Bc6 43. a3 Ne5 44. Qb6 Nf3 45. Rd1 Kg6 46. Qc5 f5 47. Rd6 1-0


[Site "https://www.chess.com"]

[Event "Titled Tuesday Blitz June 6 Late 2023"]
[White "Pulpan, Jakub"]
[Black "Kozelov, Roman"]
[WhiteFideId "302759"]
[BlackFideId "14133377"]
[WhiteElo "2484"]
[BlackElo "2149"]
[Result "1-0"]
[Round "1"]
[TimeControl "180+2"]
[Date "2023.06.07"]
[WhiteClock "0:00:05"]
[BlackClock "0:00:18"]
[Board "74"]

1. Nf3 Nf6 2. b3 b5 3. e4 Nxe4 4. Bxb5 Bb7 5. O-O e6 6. Bb2 Be7 7. Bxg7 Rg8 8. Bb2 Ng5 9. Be2 Nh3+ 10. Kh1 Nf4 11. Rg1 Bf6 12. d4 Nc6 13. Nbd2 Qe7 14. Ne4 Nb4 15. Nc5 Bc6 16. Qd2 Nxe2 17. Qxe2 Nd5 18. Nd3 O-O-O 19. c4 Nb4 20. Ba3 a5 21. Bxb4 axb4 22. c5 d6 23. Nxb4 Bxf3 24. gxf3 Bxd4 25. Qa6+ Kb8 26. Nc6# 1-0


[Site "https://www.chess.com"]

[Event "Titled Tuesday Blitz June 6 Late 2023"]
[White "Kujawski, Adam"]
[Black "benny_aizenberg"]
[WhiteFideId "1100920"]
[WhiteElo "2054"]
[BlackElo "2720"]
[Result "0-1"]
[Round "1"]
[TimeControl "180+2"]
[Date "2023.06.07"]
[WhiteClock "0:00:04"]
[BlackClock "0:00:16"]
[Board "75"]

1. e4 e6 2. d4 d5 3. Nc3 Bb4 4. e5 c5 5. a3 Bxc3+ 6. bxc3 Ne7 7. Qg4 Qc7 8. Qxg7 Rg8 9. Qxh7 cxd4 10. Ne2 Nbc6 11. f4 dxc3 12. Qd3 d4 13. Ng3 Bd7 14. Be2 O-O-O 15. O-O Rh8 16. Rb1 Rdg8 17. a4 Nd5 18. Ba3 Ne3 19. Bd6 Qa5 20. Rb5 Qxa4 21. Rfb1 b6 22. Bf3 Qxc2 23. Rxb6 axb6 24. Qa6+ Kd8 25. Qxb6+ Ke8 26. Bxc6 f5 27. Bxd7+ Kf7 28. Bxe6+ Kg6 0-1


[Site "https://www.chess.com"]

[Event "Titled Tuesday Blitz June 6 Late 2023"]
[White "Gritsenko, Nikolai"]
[Black "Moore, Nicholas"]
[WhiteFideId "14112493"]
[BlackFideId "4303709"]
[WhiteElo "2389"]
[BlackElo "2428"]
[Result "1-0"]
[Round "1"]
[TimeControl "180+2"]
[Date "2023.06.07"]
[WhiteClock "0:00:04"]
[BlackClock "0:00:03"]
[Board "76"]

1. b3 d5 2. Bb2 Nf6 3. Nf3 Bf5 4. e3 e6 5. h3 Be7 6. c4 c6 7. Nc3 O-O 8. g4 Bg6 9. Nh4 Be4 10. Nxe4 dxe4 11. Ng2 Nbd7 12. Qc2 Nc5 13. g5 Ne8 14. h4 a5 15. Bd4 f5 16. Nf4 Nc7 17. Qb2 Rf7 18. Rg1 a4 19. b4 a3 20. Qc3 Na4 21. Qb3 c5 22. bxc5 Bxc5 23. Bxc5 Nxc5 24. Qb4 Qd6 25. g6 hxg6 26. Rxg6 Rf6 27. Rxf6 gxf6 28. Qc3 e5 29. Nd5 Nxd5 30. cxd5 b6 31. Bc4 Kg7 32. Ke2 Rh8 33. Rg1+ Kf8 34. Qxa3 Qd8 35. Qa7 Nd7 36. d6 f4 37. Qc7 Qe8 38. Bb5 Rh7 39. Qc6 f3+ 40. Kd1 f5 41. Qd5 Rg7 42. Rxg7 Kxg7 43. Qc6 Qg6 44. Qxd7+ Kh6 45. Qe7 Qg1+ 46. Kc2 Qxf2 47. Qg5+ Kh7 48. d7 Qf1 49. Bxf1 1-0


[Site "https://www.chess.com"]

[Event "Titled Tuesday Blitz June 6 Late 2023"]
[White "Arnold, Ken"]
[Black "Nasuta, Grzegorz"]
[WhiteFideId "2056836"]
[BlackFideId "1141686"]
[WhiteElo "2426"]
[BlackElo "2449"]
[Result "0-1"]
[Round "1"]
[TimeControl "180+2"]
[Date "2023.06.07"]
[WhiteClock "0:01:32"]
[BlackClock "0:02:37"]
[Board "77"]

1. d4 Nf6 2. Nf3 d5 3. g3 Bf5 4. Bg2 e6 5. O-O h6 6. b3 Nbd7 7. Bb2 Be7 8. Nbd2 O-O 9. c4 c6 10. Rc1 a5 11. Ne5 a4 12. Nxd7 Nxd7 13. bxa4 Qa5 14. e4 dxe4 15. Nxe4 Qxa4 16. Qb3 Qxa2 17. Qxb7 Ra7 18. Ra1 Qxa1 0-1


[Site "https://www.chess.com"]

[Event "Titled Tuesday Blitz June 6 Late 2023"]
[White "Skvortsov, Andrei"]
[Black "Omariev, Maksim"]
[WhiteFideId "24108600"]
[BlackFideId "4193423"]
[WhiteElo "2259"]
[BlackElo "2426"]
[Result "1-0"]
[Round "1"]
[TimeControl "180+2"]
[Date "2023.06.07"]
[WhiteClock "0:00:07"]
[BlackClock "0:00:01"]
[Board "78"]

1. e4 c5 2. d4 cxd4 3. Qxd4 Nc6 4. Qd3 g6 5. Nf3 Bg7 6. Nc3 d6 7. Be2 Nf6 8. O-O O-O 9. Nd5 b6 10. Bg5 Nd7 11. c3 Nc5 12. Qc2 Bb7 13. Bb5 Re8 14. Rad1 Qd7 15. Nd4 Rac8 16. Qe2 h6 17. Bh4 Qd8 18. e5 Bxe5 19. Nxc6 Bxc6 20. Bxc6 Rxc6 21. f4 Bf6 22. Nxf6+ exf6 23. Qf3 Rc7 24. Qd5 Rd7 25. Rfe1 Re6 26. f5 Rxe1+ 27. Rxe1 g5 28. Bf2 Kg7 29. Bd4 Re7 30. Rd1 Qe8 31. h3 Re1+ 32. Rxe1 Qxe1+ 33. Kh2 Qf1 34. b4 Nd7 35. Qxd6 Qxf5 36. a4 Ne5 37. Be3 Qe4 38. Bf2 Nd3 39. Bg3 Ne5 40. a5 bxa5 41. bxa5 h5 42. Qd2 h4 43. Bf2 Qf5 44. Bxa7 Nc4 45. Qf2 Qe5+ 46. Kg1 Qxa5 47. Bd4 1-0


[Site "https://www.chess.com"]

[Event "Titled Tuesday Blitz June 6 Late 2023"]
[White "QuiesPrecatio"]
[Black "Gokerkan, Cem Kaan"]
[BlackFideId "6336760"]
[WhiteElo "2426"]
[BlackElo "2365"]
[Result "1-0"]
[Round "1"]
[TimeControl "180+2"]
[Date "2023.06.07"]
[WhiteClock "0:00:22"]
[BlackClock "0:00:02"]
[Board "79"]

1. d4 Nf6 2. c4 e6 3. Nc3 Bb4 4. f3 d5 5. a3 Bxc3+ 6. bxc3 O-O 7. e3 b6 8. cxd5 exd5 9. Bd3 Ba6 10. Ne2 Bxd3 11. Qxd3 c5 12. O-O Nc6 13. Bb2 Re8 14. Ng3 h5 15. Rfe1 h4 16. Nf5 h3 17. Ng3 hxg2 18. e4 cxd4 19. cxd4 dxe4 20. fxe4 Rc8 21. Rad1 Ng4 22. Qf3 Qh4 23. Qxg2 Ne7 24. d5 Ng6 25. Nf5 Qg5 26. Kh1 Nf4 27. Qg3 Nh5 28. Qg2 Nf4 29. Qd2 Ne5 30. Rg1 Qf6 31. Qxf4 Ng6 32. Bxf6 1-0


[Site "https://www.chess.com"]

[Event "Titled Tuesday Blitz June 6 Late 2023"]
[White "Di Benedetto, Edoardo"]
[Black "Przybylski, Wojciech"]
[WhiteFideId "875740"]
[BlackFideId "1117599"]
[WhiteElo "2296"]
[BlackElo "2228"]
[Result "1-0"]
[Round "1"]
[TimeControl "180+2"]
[Date "2023.06.07"]
[WhiteClock "0:01:27"]
[BlackClock "0:00:13"]
[Board "80"]

1. d4 Nf6 2. c4 e6 3. Nf3 b6 4. g3 Ba6 5. b3 Bb4+ 6. Bd2 Be7 7. Bg2 O-O 8. Bc3 d5 9. Nbd2 c5 10. O-O Nc6 11. dxc5 bxc5 12. cxd5 exd5 13. Rc1 Rc8 14. Bxf6 gxf6 15. Re1 Ne5 16. Nh4 Qd7 17. f4 Nc6 18. e4 d4 19. Nf5 Kh8 20. Bh3 Rg8 21. Qh5 Rg6 22. Nxe7 Qxe7 23. Bxc8 Bxc8 24. Qxc5 Qxc5 25. Rxc5 Bd7 26. Rec1 Nb4 27. Rc7 Bg4 28. R1c4 Nxa2 29. Rxd4 f5 30. Rxf7 Rg8 31. Rdd7 Rc8 32. Rxh7+ Kg8 33. Rdg7+ Kf8 34. Rh8+ Kxg7 35. Rxc8 fxe4 36. Rc7+ Kg6 37. Nxe4 Nb4 38. Nf2 Bf3 39. Rxa7 Nd5 40. h3 Kf5 41. Ra5 Kg6 42. Nd3 Nc3 43. Ne5+ 1-0


[Site "https://www.chess.com"]

[Event "Titled Tuesday Blitz June 6 Late 2023"]
[White "Dedona, Mark"]
[Black "Wagner, Dennis"]
[WhiteFideId "30920256"]
[BlackFideId "24650684"]
[WhiteElo "2074"]
[BlackElo "2478"]
[Result "0-1"]
[Round "1"]
[TimeControl "180+2"]
[Date "2023.06.07"]
[WhiteClock "0:01:21"]
[BlackClock "0:00:23"]
[Board "81"]

1. e4 e5 2. Nc3 Nf6 3. f4 d5 4. fxe5 Nxe4 5. Qf3 Nc6 6. Bb5 Nxc3 7. bxc3 Qh4+ 8. g3 Qe4+ 9. Qxe4 dxe4 10. Ne2 Bd7 11. Bxc6 Bxc6 12. Nd4 Bd5 13. Rf1 g6 14. d3 exd3 15. cxd3 Bg7 16. Bf4 O-O-O 17. Kf2 Rhe8 18. Rfe1 h6 19. h4 a6 20. c4 Bxc4 21. dxc4 Rxd4 22. Rac1 Kd7 23. Ke3 c5 24. Red1 Bxe5 25. Rxd4+ Bxd4+ 26. Kf3 h5 27. Rb1 Kc6 28. a4 b6 29. Rd1 b5 30. axb5+ axb5 31. cxb5+ Kxb5 32. Rb1+ Kc6 33. Rc1 Kd5 34. Rb1 Re7 35. Rb8 Kc4 36. Rc8 Kd3 37. Bd6 Re3+ 38. Kf4 c4 39. Bb4 Be5+ 40. Kg5 Rxg3+ 41. Kh6 Rg4 42. Rf8 f5 43. Re8 Bd4 44. Be7 c3 45. Bg5 c2 46. Rc8 Rxg5 47. Kxg5 Bc3 48. Rd8+ Ke2 49. Kxg6 c1=Q 50. Kxf5 Qc2+ 51. Kg5 Bd2+ 52. Kxh5 Qf5# 0-1


[Site "https://www.chess.com"]

[Event "Titled Tuesday Blitz June 6 Late 2023"]
[White "Tanenbaum, Zachary"]
[Black "Buchenau, Frank"]
[WhiteFideId "2060850"]
[BlackFideId "4604350"]
[WhiteElo "2207"]
[BlackElo "2157"]
[Result "1-0"]
[Round "1"]
[TimeControl "180+2"]
[Date "2023.06.07"]
[WhiteClock "0:02:33"]
[BlackClock "0:02:31"]
[Board "82"]

1. e4 e6 2. d4 d5 3. Nc3 Nf6 4. Bg5 dxe4 5. Nxe4 Be7 6. Bxf6 gxf6 7. Nf3 f5 8. Nc3 a6 9. Qe2 Qd6 10. O-O-O Nd7 11. g3 b5 12. Bg2 Bb7 13. Rhe1 O-O-O 14. d5 e5 15. Nxe5 Nxe5 16. Qxe5 Bf6 17. Qxf5+ Kb8 18. Ne4 Qe5 19. Qxf6 1-0


[Site "https://www.chess.com"]

[Event "Titled Tuesday Blitz June 6 Late 2023"]
[White "zsizsi99"]
[Black "Arnaudov, G. Petar"]
[BlackFideId "2907127"]
[WhiteElo "2420"]
[BlackElo "2430"]
[Result "0-1"]
[Round "1"]
[TimeControl "180+2"]
[Date "2023.06.07"]
[WhiteClock "0:00:05"]
[BlackClock "0:00:12"]
[Board "83"]

1. e4 e5 2. d4 exd4 3. Qxd4 Nc6 4. Qe3 g6 5. Nc3 Bg7 6. h4 Nf6 7. Bd2 O-O 8. h5 d5 9. hxg6 d4 10. gxf7+ Kh8 11. Qg3 dxc3 12. Bxc3 Qe7 13. Bd3 Rxf7 14. O-O-O Nxe4 15. Bxe4 Qxe4 16. Re1 Qxe1+ 17. Bxe1 Bf5 18. Bc3 Nd4 19. Rh4 c5 20. Qd6 b6 21. g4 Rd7 22. Qh2 Bg6 23. f4 Be4 24. f5 Bf6 25. Rh5 Rg8 26. Qf4 Re7 27. g5 Bxf5 28. Qxf5 Nxf5 29. Bxf6+ Rgg7 30. Nf3 Kg8 31. Bxg7 Kxg7 32. Kd2 Rd7+ 33. Ke2 Re7+ 34. Kd2 Re4 35. Rh3 Rf4 36. Ke2 Rg4 37. c3 Rg2+ 38. Kd3 Rxb2 39. a4 Rg2 40. Ne5 Rxg5 41. Nc6 Rg3+ 42. Rxg3+ Nxg3 43. Nxa7 h5 44. Nc8 h4 45. Ke3 h3 46. Nxb6 h2 47. a5 h1=Q 0-1


[Site "https://www.chess.com"]

[Event "Titled Tuesday Blitz June 6 Late 2023"]
[White "Sun, Rick"]
[Black "Ansh M Shah"]
[WhiteFideId "30909481"]
[BlackFideId "25033379"]
[WhiteElo "2169"]
[BlackElo "2084"]
[Result "0-1"]
[Round "1"]
[TimeControl "180+2"]
[Date "2023.06.07"]
[WhiteClock "0:00:35"]
[BlackClock "0:00:11"]
[Board "84"]

1. e4 c6 2. d4 d5 3. f3 dxe4 4. fxe4 e5 5. Nf3 Bg4 6. Bc4 Nd7 7. O-O Ngf6 8. Nbd2 Bd6 9. c3 O-O 10. Qe1 b5 11. Bb3 a5 12. a3 a4 13. Ba2 Qb6 14. Kh1 Rae8 15. Qh4 Bxf3 16. Nxf3 exd4 17. Ng5 h6 18. Nxf7 Rxf7 19. Bxh6 dxc3 20. bxc3 Re7 21. Qg5 Kh8 22. Rxf6 Rxf6 23. Bxg7+ Rxg7 24. Qh5+ Rh7 25. Qe8+ Rf8 26. Qxf8+ Nxf8 27. g3 Qf2 28. Rg1 Qxh2# 0-1


[Site "https://www.chess.com"]

[Event "Titled Tuesday Blitz June 6 Late 2023"]
[White "Pesotskiy, Mikhail"]
[Black "Rosen, Eric"]
[WhiteFideId "34164453"]
[BlackFideId "2032562"]
[WhiteElo "2131"]
[BlackElo "2331"]
[Result "0-1"]
[Round "1"]
[TimeControl "180+2"]
[Date "2023.06.07"]
[WhiteClock "0:00:30"]
[BlackClock "0:00:16"]
[Board "85"]

1. d4 d5 2. c4 e6 3. Nc3 Nf6 4. cxd5 exd5 5. Bg5 c6 6. Qc2 Bd6 7. e3 O-O 8. Bd3 h6 9. Bh4 Re8 10. Nge2 a5 11. a3 Na6 12. Rc1 Nc7 13. Na4 Ne6 14. O-O Bxh2+ 15. Kxh2 Ng4+ 16. Kh3 Ng5+ 17. Kg3 Qd6+ 18. Nf4 Ne6 19. Bf5 Nxf4 20. Kxg4 Nxg2 21. Bxc8 Re4+ 22. f4 Nxe3+ 0-1


[Site "https://www.chess.com"]

[Event "Titled Tuesday Blitz June 6 Late 2023"]
[White "Lizak, Peter"]
[Black "Garmendiarov"]
[WhiteFideId "731595"]
[WhiteElo "2420"]
[BlackElo "2414"]
[Result "0-1"]
[Round "1"]
[TimeControl "180+2"]
[Date "2023.06.07"]
[WhiteClock "0:00:02"]
[BlackClock "0:00:05"]
[Board "86"]

1. d4 Nf6 2. Nc3 d5 3. Bf4 c5 4. e3 cxd4 5. exd4 Bg4 6. Bb5+ Nc6 7. Nge2 e6 8. f3 Bh5 9. g4 Bg6 10. h4 h5 11. g5 Nd7 12. Qd2 Be7 13. O-O-O O-O 14. Bd3 Rc8 15. Be3 Bxd3 16. Qxd3 Nb4 17. Qd2 Nb6 18. b3 a5 19. Kb1 a4 20. Nf4 axb3 21. cxb3 g6 22. Rhg1 Qc7 23. Rc1 Qb8 24. Nd3 Qa7 25. Nxb4 Bxb4 26. Qd3 Qa5 27. Ne2 Rxc1+ 28. Rxc1 Ra8 29. Rc2 Qa3 30. Bc1 Qa5 31. Nf4 Kg7 32. Nxe6+ fxe6 33. Rc7+ Kf8 34. a3 Bxa3 35. Qxg6 Be7 36. Bb2 Qa2+ 37. Kc2 Nc4 38. bxc4 Ra3 39. Qh6+ Ke8 40. Qh8+ Bf8 41. Qxh5+ Kd8 42. Qf7 Qb3+ 43. Kb1 Qd1+ 44. Bc1 Qb3+ 45. Bb2 Qd1+ 46. Bc1 Rb3+ 47. Ka2 Qc2+ 48. Ka1 Rb1# 0-1


[Site "https://www.chess.com"]

[Event "Titled Tuesday Blitz June 6 Late 2023"]
[White "Martin Barcelo, Carles"]
[Black "Ozer, Omer Faruk"]
[WhiteFideId "24561444"]
[BlackFideId "6354564"]
[WhiteElo "2089"]
[BlackElo "2260"]
[Result "0-1"]
[Round "1"]
[TimeControl "180+2"]
[Date "2023.06.07"]
[WhiteClock "0:00:02"]
[BlackClock "0:00:25"]
[Board "87"]

1. e4 e5 2. Nf3 Nc6 3. Bc4 Nf6 4. d3 h6 5. O-O d6 6. Nc3 Na5 7. Nd5 Nxc4 8. Nxf6+ Qxf6 9. dxc4 Bg4 10. h3 Bh5 11. Be3 Be7 12. a4 O-O 13. g4 Bg6 14. Nd2 Rfd8 15. Kg2 c6 16. Qf3 d5 17. Qxf6 Bxf6 18. f3 Rac8 19. Rfd1 d4 20. Bf2 Bg5 21. h4 Bf4 22. h5 Bh7 23. Bg3 Bxg3 24. Kxg3 f6 25. Nb3 Rc7 26. a5 Kf8 27. Nc5 Ke7 28. b3 Bg8 29. Rf1 Kd6 30. Nd3 c5 31. Rae1 Re7 32. Rf2 Rc8 33. Rfe2 Rc6 34. f4 Ra6 35. fxe5+ fxe5 36. Ra1 Bh7 37. b4 b6 38. Ree1 cxb4 39. axb6 Rxa1 40. Rxa1 axb6 41. Ra6 Bxe4 42. Rxb6+ Kc7 43. c5 b3 44. Rxb3 Bd5 45. Rb6 e4 46. Nb4 Bb7 47. Rg6 e3 48. c6 e2 49. Nd3 Bxc6 50. Kf2 Be4 0-1


[Site "https://www.chess.com"]

[Event "Titled Tuesday Blitz June 6 Late 2023"]
[White "Alex_Sahakyan2006"]
[Black "Abduzhaparov"]
[WhiteElo "2688"]
[BlackElo "2409"]
[Result "1-0"]
[Round "1"]
[TimeControl "180+2"]
[Date "2023.06.07"]
[WhiteClock "0:00:20"]
[BlackClock "0:00:09"]
[Board "88"]

1. e4 d6 2. d4 Nf6 3. Nc3 e5 4. Nge2 exd4 5. Nxd4 Be7 6. g3 O-O 7. Bg2 Re8 8. O-O Nbd7 9. h3 Bf8 10. g4 Nc5 11. Re1 a5 12. g5 Nfd7 13. Nf5 Ne5 14. Ng3 c6 15. f4 Ng6 16. Qh5 d5 17. f5 Qd6 18. fxg6 hxg6 19. Qf3 dxe4 20. Ncxe4 Nxe4 21. Nxe4 Qd4+ 22. Be3 Qxb2 23. Rf1 Bf5 24. Ng3 Qxc2 25. Nxf5 gxf5 26. Rac1 Qxa2 27. Bd4 Re4 28. Ba1 Re2 29. h4 Rd8 30. Bh3 Rdd2 31. h5 Rc2 32. Rxc2 Qxc2 33. Bd4 Qd2 34. Qf4 Qxf4 35. Rxf4 g6 36. h6 Re4 37. Rxe4 fxe4 38. Bc8 c5 39. Bc3 a4 40. Bxb7 a3 41. Bxe4 Bd6 42. Bd5 Bf4 43. Bf6 Be3+ 44. Kg2 Bd4 45. Bxf7+ 1-0


[Site "https://www.chess.com"]

[Event "Titled Tuesday Blitz June 6 Late 2023"]
[White "marik_spb"]
[Black "Shuvalova, Polina"]
[BlackFideId "24171760"]
[WhiteElo "2408"]
[BlackElo "2281"]
[Result "1/2-1/2"]
[Round "1"]
[TimeControl "180+2"]
[Date "2023.06.07"]
[WhiteClock "0:00:05"]
[BlackClock "0:00:45"]
[Board "89"]

1. d4 Nf6 2. c4 e6 3. g3 d5 4. Nf3 Be7 5. Bg2 O-O 6. O-O c6 7. Nbd2 Nbd7 8. Qc2 b6 9. Rd1 Bb7 10. e4 Rc8 11. e5 Ne8 12. cxd5 cxd5 13. Qd3 Nc7 14. Nf1 b5 15. h4 Re8 16. Bg5 h6 17. Bxe7 Qxe7 18. Rac1 b4 19. Ne3 Nf8 20. Rc5 Nd7 21. Rc2 Ba6 22. Qd2 Nb5 23. Rdc1 Rxc2 24. Rxc2 Rc8 25. Bf1 Nb6 26. Rxc8+ Nxc8 27. Nc2 Nc7 28. Qxb4 Bxf1 29. Qxe7 Nxe7 30. Kxf1 Nc6 31. Ke2 f6 32. exf6 gxf6 33. Kd3 Kf7 34. b4 e5 35. Nd2 Nb5 36. dxe5 fxe5 37. a4 Nd6 38. b5 Ne7 39. f4 e4+ 40. Kd4 Ndf5+ 41. Ke5 Nxg3 42. Ne3 Ng6+ 43. Kxd5 Nxf4+ 44. Kc6 Ke6 45. Kb7 Nd5 46. Ndf1 Nxf1 47. Nxf1 Nc3 48. Kxa7 Nxa4 49. b6 Nc5 50. b7 Nd7 51. b8=Q Nxb8 52. Kxb8 Kf5 53. Kc7 Kg4 54. Kd6 Kxh4 55. Ke5 Kh3 56. Kxe4 Kg2 57. Kf4 Kxf1 58. Kg4 Kg2 59. Kh5 Kf3 60. Kxh6 1/2-1/2


[Site "https://www.chess.com"]

[Event "Titled Tuesday Blitz June 6 Late 2023"]
[White "Matinian, Nikita"]
[Black "Can, Melih Kaan"]
[WhiteFideId "24129100"]
[BlackFideId "6317383"]
[WhiteElo "2422"]
[BlackElo "2010"]
[Result "1-0"]
[Round "1"]
[TimeControl "180+2"]
[Date "2023.06.07"]
[WhiteClock "0:00:11"]
[BlackClock "0:00:14"]
[Board "90"]

1. e4 c5 2. Nf3 Nc6 3. Bb5 d6 4. O-O Bd7 5. Re1 a6 6. Bf1 Nf6 7. c3 e5 8. d4 cxd4 9. cxd4 Bg4 10. Be3 exd4 11. Bxd4 Bxf3 12. gxf3 Nxd4 13. Qxd4 Be7 14. e5 dxe5 15. Qxe5 Kf8 16. Nc3 Qd6 17. Qxd6 Bxd6 18. Rad1 Rd8 19. Bc4 g6 20. Ne4 Nxe4 21. fxe4 Kg7 22. e5 Bc5 23. Kg2 b5 24. Bd5 g5 25. h4 h6 26. e6 fxe6 27. Rxe6 Rhf8 28. hxg5 hxg5 29. f3 Rf5 30. Bb3 Rxd1 31. Bxd1 Rd5 32. Bb3 Rd2+ 33. Kg3 a5 34. Rc6 Be3 35. Kg4 a4 36. Bc2 Rd5 37. Re6 Bf4 38. Rb6 Kf7 39. b3 Rd2 40. Be4 Rxa2 41. Rxb5 a3 42. Ra5 Ke7 43. b4 Bd2 44. Ra7+ Kd6 45. b5 Rb2 46. Rxa3 Rxb5 47. Rd3+ Ke5 48. Rxd2 Kf6 49. Rd5 Rb2 50. Rf5+ Ke6 51. Rxg5 Kf6 52. Rg6+ Kf7 53. Rc6 Ke7 54. f4 Kd7 55. Rh6 Ke7 56. f5 Kf7 57. Kf4 Kg7 58. Ra6 Kf7 59. Bd5+ Ke7 60. f6+ Kf8 61. Ra8+ 1-0


[Site "https://www.chess.com"]

[Event "Titled Tuesday Blitz June 6 Late 2023"]
[White "Rangel, Daniel"]
[Black "Nazari, Arad"]
[WhiteFideId "2124475"]
[BlackFideId "12577324"]
[WhiteElo "2231"]
[BlackElo "2175"]
[Result "1/2-1/2"]
[Round "1"]
[TimeControl "180+2"]
[Date "2023.06.07"]
[WhiteClock "0:00:12"]
[BlackClock "0:00:28"]
[Board "91"]

1. d4 Nf6 2. c4 g6 3. Nc3 d5 4. cxd5 Nxd5 5. Nf3 Bg7 6. e3 O-O 7. Be2 c5 8. O-O Nc6 9. Bd2 cxd4 10. exd4 Nxd4 11. Nxd4 Bxd4 12. Nxd5 Qxd5 13. Bh6 Rd8 14. Bf3 Qd6 15. Qb3 Qb6 16. Qxb6 Bxb6 17. Rfe1 e6 18. Rad1 Rxd1 19. Rxd1 f6 20. h4 Rb8 21. Bf4 e5 22. Be3 Be6 23. Bxb6 axb6 24. Rd6 Kf7 25. Rxb6 Bxa2 26. Rxb7+ Rxb7 27. Bxb7 Ke7 28. g3 Kd6 29. f4 exf4 30. gxf4 Kc5 31. Kf2 Kd4 32. Bc6 Bb3 33. Kg3 Ke3 34. Be8 Bd1 35. b4 Kd4 36. b5 Kc5 37. f5 Bc2 38. fxg6 Bxg6 39. Bc6 h6 40. Kf4 Bd3 41. Be8 Bxb5 42. Bxb5 Kxb5 43. Kf5 Kc5 44. Kxf6 Kd6 45. Kg6 Ke7 46. Kxh6 Kf8 47. Kh7 Kf7 48. h5 Kf8 49. Kh8 Kf7 50. h6 Kf8 51. Kh7 Kf7 52. Kh8 Kf8 53. h7 Kf7 1/2-1/2


[Site "https://www.chess.com"]